[Event "Titled Tuesday Blitz December 20 Late 2022"]
[White "Clawitter, Craig"]
[Black "Shapiro, Bryan"]
[WhiteFideId "2023105"]
[BlackFideId "2087740"]
[WhiteElo "2221"]
[BlackElo "1911"]
[Result "1-0"]
[Round "05"]
[TimeControl "180+1"]
[Date "2022.12.21"]
[WhiteClock "0:00:05"]
[BlackClock "0:00:28"]

1. e4 e5 2. Nf3 Nc6 3. Bb5 g6 4. Nc3 Bg7 5. d4 exd4 6. Nd5 h6 7. Bf4 d6 8. Nxd4 Ne7 9. Nxe7 Qxe7 10. O-O Bd7 11. Bxc6 bxc6 12. Re1 c5 13. Nb3 Bxb2 14. Rb1 Bc3 15. Re3 Bg7 16. Nd2 O-O 17. e5 dxe5 18. Nc4 e4 19. Bxc7 Qe6 20. Qe2 Bd4 21. Rxe4 Qd5 22. c3 Bc6 23. cxd4 Qxe4 24. Qxe4 Bxe4 25. Re1 Bd5 26. Ne3 Bxa2 27. dxc5 a5 28. Ra1 Rfc8 29. Bb6 Be6 30. h3 a4 31. Nc2 Bb3 32. Na3 Re8 33. Rc1 Re2 34. c6 Rc8 35. c7 Ra2 36. Nb5 a3 37. Nd6 Be6 38. Nxc8 Bxc8 39. Rd1 Be6 40. Rd8+ Kg7 41. c8=Q Bxc8 42. Rxc8 Ra1+ 43. Kh2 a2 44. Bd4+ 1-0


[Site "https://www.chess.com"]

[Event "Titled Tuesday Blitz December 20 Late 2022"]
[White "Cruz Mendez, Jean Marco"]
[Black "Abdrlauf, Elham"]
[WhiteFideId "3526402"]
[BlackFideId "1533533"]
[WhiteElo "2064"]
[BlackElo "2454"]
[Result "0-1"]
[Round "05"]
[TimeControl "180+1"]
[Date "2022.12.20"]
[WhiteClock "0:00:26"]
[BlackClock "0:00:18"]

1. e4 c6 2. d3 d5 3. Nd2 e5 4. Ngf3 Bd6 5. d4 exd4 6. Nxd4 Nf6 7. exd5 O-O 8. Be2 cxd5 9. N2f3 Nc6 10. h3 h6 11. O-O Re8 12. Re1 Ne4 13. Be3 a6 14. Rc1 Qf6 15. c4 Nxd4 16. Bxd4 Qg6 17. Kh1 Bf4 18. Rc2 Bf5 19. Nh4 Nxf2+ 20. Bxf2 Bxc2 21. Nxg6 Bxd1 22. Nxf4 Bxe2 23. Nxe2 dxc4 24. Nd4 Rxe1+ 25. Bxe1 b5 26. Bc3 Rd8 27. a3 Rd5 28. Kg1 f5 29. Kf2 Kf7 30. Ke3 g5 31. g4 f4+ 32. Ke4 Rd8 33. Nf5 Re8+ 34. Kf3 Kg6 0-1


[Site "https://www.chess.com"]

[Event "Titled Tuesday Blitz December 20 Late 2022"]
[White "D`Arruda, Ricardo D."]
[Black "Brodowski, Piotr"]
[WhiteFideId "100692"]
[BlackFideId "1124480"]
[WhiteElo "2435"]
[BlackElo "2351"]
[Result "1-0"]
[Round "05"]
[TimeControl "180+1"]
[Date "2022.12.21"]
[WhiteClock "0:00:07"]
[BlackClock "0:00:03"]

1. d4 d6 2. e4 g6 3. Nc3 Bg7 4. Nf3 a6 5. Bg5 b5 6. Qd2 Bb7 7. O-O-O Nd7 8. e5 Nb6 9. Bd3 h6 10. Bh4 g5 11. Bg3 e6 12. exd6 cxd6 13. Rhe1 Ne7 14. h4 g4 15. Nh2 h5 16. f3 gxf3 17. Nxf3 Bxf3 18. gxf3 Rc8 19. Kb1 Nc4 20. Qg5 Kf8 21. Ne2 Nd5 22. Qxd8+ Rxd8 23. Nf4 Nde3 24. Bxc4 Nxd1 25. Bf1 Nxb2 26. Kxb2 Bxd4+ 27. Kb3 Bf6 28. Nd3 Ke7 29. Nb4 Kd7 30. Nxa6 Ra8 31. Nb4 Rab8 32. Rd1 Rhg8 33. Bxd6 Rbd8 34. Be5+ Ke7 35. Nc6+ Ke8 36. Nxd8 Bxd8 37. Bxb5+ Ke7 38. Bd6+ Kf6 39. Bf4 Kf5 40. Be3 Bxh4 41. Bd3+ Kf6 42. Rh1 Bg5 43. f4 Bh6 44. Rxh5 Rb8+ 45. Kc3 Bf8 46. Bd4+ Ke7 47. Rh7 Ke8 48. Kd2 Ra8 49. a4 Rd8 50. Bb5+ Ke7 51. Ke3 Kd6 52. c4 Be7 53. Be5+ Kc5 54. Rxf7 Bh4 55. Rc7+ Kb4 56. Rd7 Rg8 57. Bd6+ Kc3 58. a5 Bd8 59. a6 Bb6+ 60. Ke4 Rg3 61. c5 Ba5 62. a7 e5 63. Bxe5+ Kb4 64. a8=Q Kxb5 65. Qb7+ Kc4 66. Qd5+ Kb4 67. Rb7+ Ka4 68. Qc4+ Ka3 69. Bb2# 1-0


[Site "https://www.chess.com"]

[Event "Titled Tuesday Blitz December 20 Late 2022"]
[White "Da Silva Junior, Sediney Mari"]
[Black "Adel, Sara"]
[WhiteFideId "2132079"]
[BlackFideId "10616764"]
[WhiteElo "1996"]
[BlackElo "1997"]
[Result "0-1"]
[Round "05"]
[TimeControl "180+1"]
[Date "2022.12.21"]
[WhiteClock "0:00:02"]
[BlackClock "0:00:29"]

1. e4 c6 2. c4 d5 3. exd5 cxd5 4. cxd5 Nf6 5. Nc3 a6 6. a4 b6 7. Bc4 Bb7 8. Qb3 Nbd7 9. d3 Nc5 10. Qa2 g6 11. Nf3 Bg7 12. O-O O-O 13. Re1 b5 14. Bb3 Nxd3 15. Rd1 Nb4 16. Qb1 Nbxd5 17. Bg5 Nxc3 18. bxc3 Qc7 19. Qd3 Rad8 20. Qe3 Ne4 21. Bf4 Qxc3 22. Rac1 Qb2 23. axb5 axb5 24. h4 Rxd1+ 25. Rxd1 Nc3 26. Rd7 Ne2+ 27. Kh2 Nxf4 28. Rxb7 e5 29. Rxb5 Qe2 30. Qxe2 Nxe2 31. Nxe5 Nd4 32. Bxf7+ Rxf7 33. Nxf7 Nxb5 34. Ng5 h6 35. Nf3 Kf7 36. g3 Ke6 37. Kg2 Kf5 38. Nh2 Nc3 39. f3 Bd4 40. Ng4 h5 41. Nh6+ Ke6 42. g4 Nd5 43. Ng8 Kf7 44. Nh6+ Kg7 45. g5 Nf4+ 46. Kg3 Ne2+ 47. Kg2 Kf8 48. Kf1 Nf4 49. Ke1 Bg7 50. Kd2 Ng2 0-1


[Site "https://www.chess.com"]

[Event "Titled Tuesday Blitz December 20 Late 2022"]
[White "Delorme, Axel"]
[Black "Bach, Matthias"]
[WhiteFideId "632023"]
[BlackFideId "4603168"]
[WhiteElo "2478"]
[BlackElo "2165"]
[Result "0-1"]
[Round "05"]
[TimeControl "180+1"]
[Date "2022.12.21"]
[WhiteClock "0:00:04"]
[BlackClock "0:01:10"]

1. e4 e5 2. Nf3 Nc6 3. Bb5 Bc5 4. O-O d6 5. c3 a6 6. Ba4 Bb6 7. d4 exd4 8. cxd4 Bd7 9. Nc3 Nge7 10. Bg5 f6 11. Be3 O-O 12. Rc1 Bg4 13. Bb3+ Kh8 14. Nd5 Nxd5 15. Bxd5 Bxf3 16. gxf3 Qd7 17. Bxc6 bxc6 18. Kg2 f5 19. h3 f4 20. Bd2 Rf6 21. Rh1 Bxd4 22. Bc3 Bxc3 23. Rxc3 Re8 24. Qa4 d5 25. exd5 Qxd5 26. Qxa6 Rg6+ 27. Kh2 Qg5 28. Qf1 Re1 29. Ra3 h5 0-1


[Site "https://www.chess.com"]

[Event "Titled Tuesday Blitz December 20 Late 2022"]
[White "Donchenko, Alexander"]
[Black "Chigaev, Maksim"]
[WhiteFideId "24603295"]
[BlackFideId "4108116"]
[WhiteElo "2581"]
[BlackElo "2542"]
[Result "0-1"]
[Round "05"]
[TimeControl "180+1"]
[Date "2022.12.20"]
[WhiteClock "0:00:04"]
[BlackClock "0:00:12"]

1. Nf3 Nf6 2. g3 g6 3. Bg2 Bg7 4. O-O O-O 5. d4 d6 6. b3 e5 7. dxe5 dxe5 8. Ba3 e4 9. Ng5 h6 10. Nh3 e3 11. Qxd8 Rxd8 12. Bb2 Bxh3 13. Bxh3 exf2+ 14. Kh1 Nc6 15. Na3 Rd2 16. Rad1 Rxd1 17. Rxd1 Ne4 18. Bxg7 Kxg7 19. Bg2 Rd8 20. Rf1 Nc3 21. Bxc6 bxc6 22. Rxf2 Rd2 23. Kg2 Nd1 24. Rf3 Rxe2+ 25. Kf1 Rxh2 26. Rd3 Nf2 27. Rd7 Ne4 28. Rxc7 Nxg3+ 29. Kg1 Re2 30. Nc4 Nf5 31. Rxa7 h5 32. Rd7 h4 33. Rd3 g5 34. Kf1 Rxc2 35. a4 g4 36. a5 h3 37. a6 h2 0-1


[Site "https://www.chess.com"]

[Event "Titled Tuesday Blitz December 20 Late 2022"]
[White "Dong, Bao Nghia"]
[Black "Gasparyan, David"]
[WhiteFideId "12400343"]
[BlackFideId "13311980"]
[WhiteElo "2305"]
[BlackElo "2455"]
[Result "1-0"]
[Round "05"]
[TimeControl "180+1"]
[Date "2022.12.21"]
[WhiteClock "0:01:16"]
[BlackClock "0:00:01"]

1. d4 Nf6 2. Bf4 d5 3. e3 Bf5 4. Bd3 Bg6 5. Ne2 e6 6. O-O Be7 7. c4 c6 8. Nbc3 O-O 9. Bxg6 hxg6 10. Qb3 Qb6 11. c5 Qa6 12. a4 b6 13. cxb6 axb6 14. h3 Nbd7 15. Rfc1 Ne8 16. Bg3 Nd6 17. Nf4 Nc4 18. Nd3 Rfc8 19. Qd1 Bd6 20. Bxd6 Nxd6 21. b3 c5 22. dxc5 bxc5 23. Nf4 Ne5 24. Ncxd5 exd5 25. Qxd5 Re8 26. Qxc5 Rac8 27. Qa3 Ne4 28. Rxc8 Rxc8 29. Qe7 Qd6 30. Qb7 Qc6 31. Qxc6 Nxc6 32. b4 Nxb4 33. a5 Ra8 34. Ra4 Rb8 35. a6 Nc5 36. a7 Ra8 37. Rxb4 Rxa7 38. Rb8+ Kh7 39. h4 Ne4 40. f3 Ra1+ 41. Kh2 Nf2 42. Rb7 f5 43. Ne6 Ra4 44. e4 fxe4 45. Ng5+ Kh6 46. Rb8 Ng4+ 47. fxg4 Ra8 48. Rxa8 1-0


[Site "https://www.chess.com"]

[Event "Titled Tuesday Blitz December 20 Late 2022"]
[White "Ferreira, Vitor Hugo Vieira"]
[Black "Milikow, Yoav"]
[WhiteFideId "2119765"]
[BlackFideId "2822237"]
[WhiteElo "2146"]
[BlackElo "2416"]
[Result "0-1"]
[Round "05"]
[TimeControl "180+1"]
[Date "2022.12.21"]
[WhiteClock "0:00:36"]
[BlackClock "0:01:06"]

1. e4 e5 2. Nf3 Nf6 3. Nxe5 d6 4. Nf3 Nxe4 5. d4 d5 6. Bd3 Bd6 7. h3 O-O 8. O-O Re8 9. c4 c6 10. Nc3 Bf5 11. Qb3 Qd7 12. cxd5 cxd5 13. Re1 Nc6 14. Qxd5 Nb4 15. Qb5 Nxc3 16. Qxd7 Bxd7 17. bxc3 Nxd3 18. Rxe8+ Rxe8 19. Be3 b5 20. d5 a6 21. Nd4 Nb2 22. Rb1 Nc4 23. Bg5 f6 24. Bh4 Kf7 25. f3 Bc5 26. Bf2 Re5 27. a4 Rxd5 28. axb5 axb5 29. Ra1 b4 30. Ra5 bxc3 31. Nb3 Bxf2+ 32. Kxf2 Nxa5 0-1


[Site "https://www.chess.com"]

[Event "Titled Tuesday Blitz December 20 Late 2022"]
[White "Fieberg, Samuel"]
[Black "Mihajlov, Sebastian"]
[WhiteFideId "12901717"]
[BlackFideId "1512110"]
[WhiteElo "2420"]
[BlackElo "2464"]
[Result "0-1"]
[Round "05"]
[TimeControl "180+1"]
[Date "2022.12.21"]
[WhiteClock "0:00:58"]
[BlackClock "0:00:30"]

1. d4 Nf6 2. Bg5 Ne4 3. Bf4 d5 4. f3 Nf6 5. Nc3 a6 6. Qd2 e6 7. a3 b5 8. h4 h5 9. Nh3 c5 10. e3 Nc6 11. Ne2 Qb6 12. c3 Be7 13. b4 cxd4 14. exd4 a5 15. Rb1 axb4 16. axb4 Nd7 17. Nf2 e5 18. Be3 Qb7 19. Nd3 O-O 20. g4 hxg4 21. fxg4 exd4 22. Nxd4 Nde5 23. Nxe5 Nxe5 24. Be2 Nc4 25. Bxc4 dxc4 26. O-O Bxh4 27. Nf5 Bxf5 28. Rxf5 Qe4 29. Rf4 Qxb1+ 0-1


[Site "https://www.chess.com"]

[Event "Titled Tuesday Blitz December 20 Late 2022"]
[White "Figorito, Nick"]
[Black "Rose, Felix"]
[WhiteFideId "30923689"]
[BlackFideId "5105722"]
[WhiteElo "2411"]
[BlackElo "2039"]
[Result "1-0"]
[Round "05"]
[TimeControl "180+1"]
[Date "2022.12.21"]
[WhiteClock "0:00:08"]
[BlackClock "0:00:15"]

1. Nf3 d5 2. g3 Bg4 3. Bg2 Nd7 4. d4 Ngf6 5. O-O e6 6. c4 c6 7. Nc3 Bd6 8. b3 O-O 9. Bb2 Qe7 10. a3 Rfe8 11. h3 Bxf3 12. Bxf3 dxc4 13. bxc4 e5 14. d5 e4 15. Bg2 c5 16. e3 a6 17. Qc2 Rab8 18. a4 b6 19. Rab1 h6 20. Ba1 Be5 21. Rb3 Bc7 22. Rfb1 Rbd8 23. Rd1 Bd6 24. Rbb1 Rb8 25. Bb2 Be5 26. Rbc1 Bd6 27. Ra1 Be5 28. a5 b5 29. cxb5 axb5 30. a6 b4 31. Na4 Bxb2 32. Nxb2 Ra8 33. Nc4 Ne5 34. d6 Qd7 35. Nb6 Qc6 36. Nxa8 Rxa8 37. a7 Qb7 38. Qxc5 Ned7 39. Qc7 Qb5 40. Rdb1 b3 41. Bf1 Qb4 42. Qc4 Qb6 43. Rxb3 Qxd6 44. Qb4 Qc7 45. Qb7 Qc2 46. Qxa8+ Kh7 47. Qb7 Ne5 48. Bg2 Nd3 49. Rxd3 exd3 50. Rf1 d2 51. a8=Q d1=Q 52. Rxd1 Qxd1+ 53. Kh2 g6 54. Qxf7# 1-0


[Site "https://www.chess.com"]

[Event "Titled Tuesday Blitz December 20 Late 2022"]
[White "Fiorito, Francisco"]
[Black "Maksimovic, Bojan"]
[WhiteFideId "180165"]
[BlackFideId "14408120"]
[WhiteElo "2348"]
[BlackElo "2462"]
[Result "0-1"]
[Round "05"]
[TimeControl "180+1"]
[Date "2022.12.21"]
[WhiteClock "0:00:01"]
[BlackClock "0:01:08"]

1. Nf3 Nf6 2. g3 g6 3. Bg2 Bg7 4. O-O O-O 5. c4 d6 6. d4 Nbd7 7. Nc3 c6 8. e4 e5 9. d5 cxd5 10. cxd5 Nc5 11. Re1 a5 12. h3 Bd7 13. a3 a4 14. Bg5 h6 15. Bxf6 Bxf6 16. Qe2 Qa5 17. h4 h5 18. Nd2 Qa6 19. Qxa6 Rxa6 20. Bf1 Ra7 21. Bb5 Bg4 22. Nc4 Be7 23. Kg2 Rb8 24. f3 Bc8 25. Nb6 Bd8 26. Nbxa4 Nb3 27. Rad1 Nd4 28. b3 Nxb3 29. Bf1 b5 30. Nb2 Rxa3 31. Kh1 Nd4 32. Rd3 b4 33. Ne2 Ba6 34. Rxa3 bxa3 35. Nxd4 exd4 36. Bxa6 axb2 37. Bd3 Ba5 38. Rb1 Bc3 39. Kg2 Kg7 40. Kf1 Kf6 41. Ke2 g5 42. hxg5+ Kxg5 43. Rh1 h4 44. gxh4+ Kf4 45. h5 Rg8 46. Kf2 Bd2 47. h6 Be3+ 48. Kf1 Kxf3 49. h7 Rh8 50. Rh3+ Kg4 51. Kg2 Kg5 52. Kf3 Bf4 53. Rh1 Bc1 54. Rg1+ Kf6 55. Rf1 Kg7 56. Rh1 Rxh7 57. Rxh7+ Kxh7 58. e5+ Kg7 59. exd6 Kf8 60. Ke4 Be3 61. Kf5 Ke8 62. Kf6 Kd7 63. Kxf7 Kxd6 64. Kf6 Kxd5 65. Kf5 Kc5 66. Ke4 Kb4 67. Bb1 Kc3 68. Kf3 Kd2 69. Be4 Kc1 0-1


[Site "https://www.chess.com"]

[Event "Titled Tuesday Blitz December 20 Late 2022"]
[White "Forgacs, Attila Jr."]
[Black "Bilan, Danila"]
[WhiteFideId "773654"]
[BlackFideId "24161918"]
[WhiteElo "2168"]
[BlackElo "2182"]
[Result "1/2-1/2"]
[Round "05"]
[TimeControl "180+1"]
[Date "2022.12.21"]
[WhiteClock "0:00:10"]
[BlackClock "0:00:04"]

1. e4 c6 2. d4 d5 3. Nd2 dxe4 4. Nxe4 Bf5 5. Ng3 Bg6 6. h4 h6 7. Nf3 Nd7 8. h5 Bh7 9. Bd3 Bxd3 10. Qxd3 Qc7 11. Bd2 e6 12. O-O-O Bd6 13. Ne4 Ngf6 14. Nxd6+ Qxd6 15. g3 Qd5 16. Kb1 b5 17. Bf4 a5 18. Ne5 a4 19. Rhe1 Nxh5 20. Nxd7 Nxf4 21. gxf4 Qxd7 22. f5 O-O 23. f6 Qd5 24. Rg1 g5 25. f4 a3 26. b3 Qf5 27. fxg5 Qxd3 28. Rxd3 h5 29. Rh3 Kh7 30. Rxh5+ Kg6 31. Rh6+ Kf5 32. Rh7 Rad8 33. c3 b4 34. Kc2 bxc3 35. Kxc3 Rd7 36. Rg7 Rfd8 37. Rf1+ Ke4 38. g6 Rxd4 39. Rxf7 Rd3+ 40. Kc2 Rd2+ 41. Kc1 Rxa2 42. g7 Rdd2 43. g8=Q Rac2+ 44. Kb1 Rb2+ 45. Kc1 Rdc2+ 46. Kd1 Rd2+ 47. Kc1 Rdc2+ 48. Kd1 Rd2+ 49. Kc1 1/2-1/2


[Site "https://www.chess.com"]

[Event "Titled Tuesday Blitz December 20 Late 2022"]
[White "Gomes, Luiz Alexandre de Souza"]
[Black "De Souza, Cristiano Gomes"]
[WhiteFideId "2102790"]
[BlackFideId "2151758"]
[WhiteElo "2383"]
[BlackElo "2068"]
[Result "1-0"]
[Round "05"]
[TimeControl "180+1"]
[Date "2022.12.21"]
[WhiteClock "0:00:38"]
[BlackClock "0:00:05"]

1. e4 c5 2. Nf3 d6 3. d4 cxd4 4. Nxd4 Nf6 5. Nc3 a6 6. Rg1 e5 7. Nb3 Be6 8. g4 Nc6 9. g5 Nd7 10. Be3 b5 11. Qd2 Nb6 12. Bxb6 Qxb6 13. O-O-O Rc8 14. Kb1 Be7 15. h4 Na5 16. Nxa5 Qxa5 17. Nd5 Qxd2 18. Rxd2 Bxd5 19. Rxd5 Rc5 20. Bd3 Rxd5 21. exd5 h6 22. a4 hxg5 23. hxg5 bxa4 24. g6 Bf6 25. gxf7+ Kxf7 26. Bxa6 Rh2 27. Rf1 Rh4 28. f3 Rf4 29. Bd3 Bd8 30. Be4 Bb6 31. Rh1 Bc5 32. Rh8 a3 33. b3 Bb4 34. Ka2 Rf6 35. Rb8 Bc5 36. b4 Bd4 37. Kxa3 Rh6 38. b5 Rh1 39. Kb4 Rb1+ 40. Kc4 Kf6 41. Re8 Bc5 42. Rb8 Kg5 43. Rg8 Kf6 44. Bd3 Rb4+ 45. Kc3 Rb1 46. Rf8+ Kg5 47. Rf5+ Kh6 48. Rf7 Rb4 49. Bc4 Rb1 50. Bb3 Rf1 51. Bc4 Rb1 52. Bd3 Rb4 53. Rf8 Rb1 54. Kd2 Kg5 55. Rf7 Kh6 56. f4 exf4 57. Rxf4 g5 58. Rf6+ Kh5 59. Be2+ Kh4 60. Rh6+ Kg3 61. Rg6 Kf4 62. Rg7 Bd4 63. Rf7+ Ke5 64. Bd3 Bc5 65. Rf5+ Kd4 66. Rxg5 Bb4+ 67. Ke2 Re1+ 68. Kf2 Rd1 69. b6 Rd2+ 70. Kf3 Rd1 71. b7 Bc5 72. b8=Q Kc3 73. Qb3+ Kd2 74. Rg2+ Ke1 75. Qc3+ 1-0


[Site "https://www.chess.com"]

[Event "Titled Tuesday Blitz December 20 Late 2022"]
[White "Gonzalez, Francisco Silva"]
[Black "Melikhov, Evgeny V."]
[WhiteFideId "1512285"]
[BlackFideId "4122046"]
[WhiteElo "2220"]
[BlackElo "2169"]
[Result "1-0"]
[Round "05"]
[TimeControl "180+1"]
[Date "2022.12.21"]
[WhiteClock "0:02:32"]
[BlackClock "0:01:10"]

1. d4 Nf6 2. c4 e6 3. Nc3 Bb4 4. a3 Bxc3+ 5. bxc3 d5 6. e3 c6 7. Bd3 O-O 8. Ne2 b6 9. O-O Ba6 10. cxd5 Bxd3 11. Qxd3 cxd5 12. a4 Nc6 13. f3 Na5 14. e4 Nb3 15. Rb1 Nxc1 16. Rfxc1 dxe4 17. fxe4 e5 18. Ng3 exd4 19. cxd4 Rc8 20. Rf1 Qd7 21. Rxf6 gxf6 22. Nh5 Kh8 23. Nxf6 1-0


[Site "https://www.chess.com"]

[Event "Titled Tuesday Blitz December 20 Late 2022"]
[White "Goroshkov, Maksym"]
[Black "Gatterer, Florian"]
[WhiteFideId "14142716"]
[BlackFideId "811688"]
[WhiteElo "2258"]
[BlackElo "2218"]
[Result "1-0"]
[Round "05"]
[TimeControl "180+1"]
[Date "2022.12.21"]
[WhiteClock "0:00:49"]
[BlackClock "0:00:02"]

1. e4 c5 2. d4 cxd4 3. c3 e5 4. cxd4 exd4 5. Nf3 Nc6 6. Bc4 Bb4+ 7. Bd2 Bxd2+ 8. Nbxd2 Nf6 9. O-O O-O 10. e5 Ng4 11. Re1 d6 12. exd6 Qxd6 13. Ne4 Qd8 14. Neg5 h6 15. Nxf7 Rxf7 16. Qb3 Bd7 17. Bxf7+ Kh8 18. Rad1 Qf6 19. Be6 Bxe6 20. Qxe6 Qxe6 21. Rxe6 Rd8 22. h3 Nf6 23. Ne5 Nxe5 24. Rxe5 Rd7 25. Rc5 Kg8 26. Rc4 d3 27. Rc3 d2 28. Rc2 Ne4 29. f3 Ng3 30. Rcxd2 Re7 31. Kf2 Nf5 32. Re1 Rc7 33. Re5 g6 34. Red5 Rc6 35. Rd7 Rb6 36. Rc7 h5 37. Rd8# 1-0


[Site "https://www.chess.com"]

[Event "Titled Tuesday Blitz December 20 Late 2022"]
[White "Gubajdullin, Alexei"]
[Black "Steinberg, Nitzan"]
[WhiteFideId "4141202"]
[BlackFideId "2801795"]
[WhiteElo "2251"]
[BlackElo "2491"]
[Result "1-0"]
[Round "05"]
[TimeControl "180+1"]
[Date "2022.12.20"]
[WhiteClock "0:00:36"]
[BlackClock "0:00:03"]

1. d4 g6 2. Nf3 Bg7 3. Bf4 d6 4. e3 Nf6 5. Be2 O-O 6. O-O b6 7. h3 Bb7 8. a4 a6 9. a5 b5 10. c4 bxc4 11. Bxc4 Nbd7 12. Nc3 c5 13. d5 Ne8 14. e4 Nc7 15. Re1 Rb8 16. e5 dxe5 17. Nxe5 Nxe5 18. Bxe5 Bxe5 19. Rxe5 Ba8 20. Qe2 Rb4 21. b3 Nb5 22. Qe3 Nd4 23. Qh6 Nxb3 24. Re4 f5 25. Rxe7 Qxe7 26. d6+ Rxc4 27. dxe7 Re8 28. Rd1 Nd4 29. Nb1 Rxe7 30. Nd2 Rc2 31. Nb3 Rc4 32. Nxc5 Bd5 33. Nxa6 f4 34. Qg5 Rd7 35. Nb8 Rd6 36. a6 f3 37. Qe7 Ne2+ 38. Kh2 Re6 39. Qd8+ Kg7 40. Qxd5 Rce4 41. gxf3 R4e5 42. Qd7+ Re7 43. a7 1-0


[Site "https://www.chess.com"]

[Event "Titled Tuesday Blitz December 20 Late 2022"]
[White "Gurevich, Dmitry"]
[Black "Thiel, Thomas"]
[WhiteFideId "2000407"]
[BlackFideId "4615964"]
[WhiteElo "2506"]
[BlackElo "2246"]
[Result "1-0"]
[Round "05"]
[TimeControl "180+1"]
[Date "2022.12.21"]
[WhiteClock "0:02:03"]
[BlackClock "0:01:15"]

1. d4 Nf6 2. c4 g6 3. Nc3 d5 4. Nf3 Bg7 5. cxd5 Nxd5 6. Bd2 O-O 7. Rc1 Nc6 8. e3 e5 9. Nxd5 Qxd5 10. Bc4 Qe4 11. d5 Ne7 12. Qb3 Qg4 13. O-O Nf5 14. h3 Qh5 15. e4 Nd4 16. Nxd4 exd4 17. Bd3 Qe5 18. f4 Qd6 19. Bb4 1-0


[Site "https://www.chess.com"]

[Event "Titled Tuesday Blitz December 20 Late 2022"]
[White "Guzman Moneo, Alberto"]
[Black "Martins Jr Sobrinho, Manuel De"]
[WhiteFideId "2209616"]
[BlackFideId "2170310"]
[WhiteElo "2157"]
[BlackElo "1924"]
[Result "1-0"]
[Round "05"]
[TimeControl "180+1"]
[Date "2022.12.21"]
[WhiteClock "0:00:56"]
[BlackClock "0:00:02"]

1. Nf3 Nf6 2. g3 d5 3. Bg2 c5 4. O-O Nc6 5. d4 Bf5 6. c4 e6 7. cxd5 Nxd5 8. Nc3 cxd4 9. Nxd4 Nxd4 10. Qxd4 Nxc3 11. bxc3 Qxd4 12. cxd4 O-O-O 13. e4 Bg6 14. Be3 Bd6 15. g4 e5 16. dxe5 Bxe5 17. Rac1+ Kb8 18. f4 Rd3 19. Kf2 Bc7 20. f5 Bxh2 21. Rfd1 Rhd8 22. Rxd3 Rxd3 23. fxg6 hxg6 24. Rh1 Be5 25. Rh8+ Kc7 26. Rf8 Rd7 27. Re8 f6 28. g5 Rf7 29. Bh3 fxg5+ 30. Ke2 Bf4 31. Be6 Rf6 32. Bd5 Ra6 33. Re7+ Kd6 34. Re6+ Kd7 35. Bxf4 Rxe6 36. Bxe6+ Kxe6 37. Bxg5 Ke5 38. Ke3 b5 39. Bf4+ Ke6 40. Bc7 g5 41. Bd8 g4 42. Kf4 g3 43. Kxg3 Ke5 44. Kf3 1-0


[Site "https://www.chess.com"]

[Event "Titled Tuesday Blitz December 20 Late 2022"]
[White "Hambleton, Aman"]
[Black "Moksh Amit Doshi"]
[WhiteFideId "2606577"]
[BlackFideId "25064967"]
[WhiteElo "2538"]
[BlackElo "2297"]
[Result "0-1"]
[Round "05"]
[TimeControl "180+1"]
[Date "2022.12.20"]
[WhiteClock "0:00:01"]
[BlackClock "0:01:42"]

1. d4 Nf6 2. Bf4 d5 3. e3 Bf5 4. c4 e6 5. Nc3 Bb4 6. Bd3 Bxd3 7. Qxd3 c5 8. a3 dxc4 9. Qxc4 Bxc3+ 10. bxc3 Qd5 11. Qb5+ Qc6 12. Rb1 b6 13. Bxb8 Qxb5 14. Rxb5 Rxb8 15. Ne2 Ke7 16. O-O cxd4 17. cxd4 a6 18. Rbb1 b5 19. Nc3 Rhc8 20. Rfc1 Rc4 21. Na2 Rbc8 22. Kf1 Nd5 23. Rxc4 Rxc4 24. Rc1 Ra4 25. Nc3 Rxa3 26. Ne4 b4 27. Nc5 a5 28. g3 b3 0-1


[Site "https://www.chess.com"]

[Event "Titled Tuesday Blitz December 20 Late 2022"]
[White "Han, Yichen"]
[Black "Berezin, Viktor"]
[WhiteFideId "1054430"]
[BlackFideId "14107872"]
[WhiteElo "2323"]
[BlackElo "2310"]
[Result "1-0"]
[Round "05"]
[TimeControl "180+1"]
[Date "2022.12.21"]
[WhiteClock "0:00:34"]
[BlackClock "0:00:37"]

1. d4 Nf6 2. Nf3 g6 3. c4 Bg7 4. Nc3 O-O 5. e4 d6 6. Be2 e5 7. O-O Na6 8. Re1 Qe8 9. Bf1 c6 10. h3 Nh5 11. g3 Bd7 12. Bg2 Rd8 13. Be3 Bc8 14. Qd2 Qe7 15. Rad1 Rfe8 16. a3 Nf6 17. Qc2 exd4 18. Nxd4 Nc5 19. Bc1 Ne6 20. Nxe6 Bxe6 21. b3 Qc7 22. Bg5 Qa5 23. Bc1 Qb6 24. Be3 Qc7 25. Bd4 Nd7 26. Bxg7 Kxg7 27. Qd2 Nc5 28. b4 Nb3 29. Qb2 Kg8 30. Qxb3 b5 31. Bf1 bxc4 32. Bxc4 Bxh3 33. b5 cxb5 34. Nxb5 Qb6 35. Bxf7+ Kf8 36. Bxe8 Rxe8 37. Qb4 1-0


[Site "https://www.chess.com"]

[Event "Titled Tuesday Blitz December 20 Late 2022"]
[White "Herman, Daniel"]
[Black "Araujo, Everson De Moura"]
[WhiteFideId "30935008"]
[BlackFideId "22737197"]
[WhiteElo "1897"]
[BlackElo "2035"]
[Result "1-0"]
[Round "05"]
[TimeControl "180+1"]
[Date "2022.12.21"]
[WhiteClock "0:00:21"]
[BlackClock "0:00:10"]

1. d4 d5 2. c4 e6 3. Nc3 Nf6 4. cxd5 exd5 5. Bg5 Be7 6. e3 c6 7. Bd3 Nbd7 8. Nge2 O-O 9. O-O Re8 10. Ng3 h6 11. Bxf6 Nxf6 12. Qc2 a5 13. Na4 b5 14. Nc5 Nd7 15. Nxd7 Bxd7 16. Rac1 Qb6 17. Bf5 Bxf5 18. Nxf5 Rac8 19. Qe2 Bf8 20. Qg4 g6 21. h4 Kh7 22. Ng3 h5 23. Nxh5 gxh5 24. Qxh5+ Kg8 25. f4 c5 26. Rf3 Qg6 27. Qxd5 cxd4 28. Rxc8 Rxc8 29. Kh2 Bg7 30. exd4 Rc2 31. Rg3 Qh6 32. Qd8+ Kh7 33. Qd7 Qxh4+ 34. Rh3 Qxh3+ 35. Qxh3+ Bh6 36. Qf5+ Kg8 37. Qxc2 1-0


[Site "https://www.chess.com"]

[Event "Titled Tuesday Blitz December 20 Late 2022"]
[White "Ibadov, Dashgyn"]
[Black "Nasuta, Grzegorz"]
[WhiteFideId "24107514"]
[BlackFideId "1141686"]
[WhiteElo "2208"]
[BlackElo "2441"]
[Result "0-1"]
[Round "05"]
[TimeControl "180+1"]
[Date "2022.12.21"]
[WhiteClock "0:00:01"]
[BlackClock "0:00:03"]

1. e4 c5 2. Nf3 d6 3. d4 cxd4 4. Qxd4 Nc6 5. Bb5 Bd7 6. Bxc6 Bxc6 7. Nc3 Nf6 8. Bg5 e6 9. O-O-O Be7 10. Qd3 O-O 11. Nd4 Rc8 12. h4 Qa5 13. f3 Bd7 14. g4 Qa6 15. Qe3 b5 16. Kb1 b4 17. Nce2 Qc4 18. Rc1 a5 19. Bxf6 Bxf6 20. g5 Bd8 21. h5 Bb6 22. Qd2 a4 23. b3 Qa6 24. g6 Ra8 25. h6 fxg6 26. hxg7 Rf7 27. Rxh7 Rxg7 28. Rxg7+ Kxg7 29. Rh1 Rg8 30. Qg5 Bd8 31. Qh6+ Kf7 32. Nf4 Bf6 33. Rg1 Bxd4 34. Rd1 Be5 35. Nd3 Bc3 36. e5 axb3 37. cxb3 Qa3 38. exd6 Qa5 0-1


[Site "https://www.chess.com"]

[Event "Titled Tuesday Blitz December 20 Late 2022"]
[White "Ibarra Jerez, Jose Carlos"]
[Black "Shuvalova, Polina"]
[WhiteFideId "2226332"]
[BlackFideId "24171760"]
[WhiteElo "2638"]
[BlackElo "2361"]
[Result "1-0"]
[Round "05"]
[TimeControl "180+1"]
[Date "2022.12.20"]
[WhiteClock "0:00:21"]
[BlackClock "0:00:03"]

1. e4 e5 2. Nf3 Nc6 3. Bb5 a6 4. Bxc6 dxc6 5. O-O Qf6 6. d4 exd4 7. Bg5 Qd6 8. Nxd4 Bd7 9. Nc3 Be7 10. Be3 c5 11. Nb3 b6 12. Nd5 Bd8 13. Bf4 Qc6 14. Qh5 Nf6 15. Qe5+ Be6 16. Nxc7+ Bxc7 17. Qxc7 Rc8 18. Qxc6+ Rxc6 19. f3 O-O 20. Rad1 h6 21. Rf2 a5 22. Rfd2 a4 23. Nc1 b5 24. a3 Rfc8 25. Rd8+ Kh7 26. Rxc8 Rxc8 27. Rd6 b4 28. Nd3 bxa3 29. bxa3 c4 30. Nb4 c3 31. Kf2 Nd7 32. Ra6 Nc5 33. Ra5 Nb3 34. Rxa4 Nd4 35. Ra5 Nc6 36. Rc5 Nxb4 37. Rxc8 Bxc8 38. axb4 Ba6 39. Ke3 Bf1 40. g3 f6 41. Bd6 g5 42. Kd4 Kg6 43. f4 Bg2 44. e5 fxe5+ 45. fxe5 Kf5 46. Kxc3 Ke6 47. Kd4 Bf3 48. c4 h5 49. h4 Bb7 50. hxg5 Kf5 51. b5 Kxg5 52. c5 1-0


[Site "https://www.chess.com"]